 Dungeon Crawl Stone Soup version 0.26-a0-651-gb41185065b (webtiles) character file.

Game seed: 12613106052165862296

347 Apogee the Magician (level 6, 0/28 HPs)
             Began as a Spriggan Earth Elementalist on Oct 7, 2020.
             Slain by a phantom (9 damage)
             ... on level 4 of the Dungeon.
             The game lasted 00:05:24 (4626 turns).

Apogee the Magician (Spriggan Earth Elementalist)   Turns: 4626, Time: 00:05:24

Health: 0/28       AC:  2    Str:  4    XL:     6   Next: 32%
Magic:  15/15      EV: 18    Int: 18    God:
Gold:   142        SH:  0    Dex: 17    Spells: 12/16 levels left

rFire    . . .     SeeInvis +   n - +2 short sword (venom)
rCold    . . .     Faith    .   (shield restricted)
rNeg     . . .     Spirit   .   c - +0 robe
rPois    .         Reflect  .   (helmet restricted)
rElec    .         Harm     .   (no cloak)
rCorr    .         Rampage  .   (gloves unavailable)
MR       +....                  (boots unavailable)
Stlth    ++........             (no amulet)
HPRegen  0.09/turn              (no ring)
MPRegen  0.14/turn              (no ring)

@: very quick
A: very small, unfitting armour, see invisible, speed 3
a: no special abilities


You were on level 4 of the Dungeon.
You visited 1 branch of the dungeon, and saw 4 of its levels.

You collected 142 gold pieces.

Inventory:

Hand Weapons
 f - a +0 spear
   (You found it on level 1 of the Dungeon)
 n - a +2 short sword of venom (weapon)
   (You took it off an orc on level 3 of the Dungeon)
Missiles
 b - 12 stones (quivered)
Armour
 c - a +0 robe (worn)
 h - a +0 cloak
   (You found it on level 2 of the Dungeon)
Wands
 u - a wand of paralysis (3)
   (You took it off Ijyb on level 4 of the Dungeon)
Scrolls
 a - 2 scrolls of teleportation {unknown}
 d - a scroll of blinking {unknown}
 g - a scroll of enchant weapon {unknown}
 i - 4 scrolls of identify {unknown}
 k - a scroll of magic mapping {unknown}
 l - a scroll of remove curse {unknown}
 m - a scroll of noise {unknown}
Potions
 e - a potion of lignification {!q}
 j - 3 potions of stabbing


   Skills:
 - Level 3.0 Dodging
 - Level 3.0 Stealth
 + Level 5.7 Spellcasting
 + Level 1.5 Conjurations
   Level 1.3 Transmutations
 + Level 4.7 Earth Magic


You had 12 spell levels left.
You knew the following spells:

 Your Spells              Type           Power        Failure   Level
a - Sandblast             Erth           ###...       1%          1
x - Stone Arrow           Conj/Erth      ###...       11%         3

Your spell library contained the following spells:

 Spells                   Type           Power        Failure   Level
 Passwall                 Tmut/Erth      ###.....     5%          2
 Petrify                  Tmut/Erth      ###.....     34%         4
 Lee's Rapid Deconstruct  Erth           ###.......   45%         5


Dungeon Overview and Level Annotations

Branches:
Dungeon (4/15)
 Temple: D:4-7

Altars:
Makhleb
Yredelemnul
The Shining One


Innate Abilities, Weirdness & Mutations

You are very small and have problems with some larger weapons.
You are too small for most types of armour.
You have supernaturally acute eyesight. (SInv)
You cover ground extremely quickly.


Message History

You kill the worm!
No target in view!
You see here a worm corpse.
Found 13 gold pieces.
You now have 142 gold pieces (gained 13).
A leopard gecko comes into view.
A leopard gecko is nearby!
A leopard gecko is nearby!
A leopard gecko is nearby!
The helpless leopard gecko fails to defend itself.
You puncture the leopard gecko!
You kill the leopard gecko!
No target in view!
You see here a leopard gecko corpse.
Found a stone staircase leading down.
A phantom comes into view.
A phantom is nearby!
A phantom is nearby!
The phantom blinks!
No target in view!
No target in view!
A goblin comes into view.
Found 12 stones.
The goblin shouts!
You hear a shout! x2
The goblin throws a stone.
The stone barely misses you.
You hear a shout! x2
You see here a stone.
You hit the phantom but do no damage.
The goblin throws a stone.
The stone hits you. The phantom barely misses you.
You hit the phantom but do no damage.
The goblin throws a stone.
The stone completely misses you. The phantom hits you.
You closely miss the phantom.
The goblin throws a stone.
The stone barely misses you. The phantom closely misses you.
A goblin comes into view.
You hit the phantom.
The goblin throws a stone.
The stone barely misses you. The phantom barely misses you.
You hit the phantom. The phantom barely misses you.
The goblin throws a stone.
The stone completely misses you.
The stone hits the phantom but does no damage.
A hobgoblin comes into view.
You hit the phantom but do no damage. The phantom barely misses you.
The goblin throws a stone.
The stone misses you.
The stone barely misses the phantom.
You hit the phantom but do no damage. The phantom hits you!
The goblin throws a stone.
The stone misses you.
The stone barely misses the phantom.
The phantom hits you.
* * * LOW HITPOINT WARNING * * *
The phantom blinks!
The phantom hits you!
You die...

##. ### #...##### ###.##
#. #...# ####.#### .
##.# #.....†.# #. .#
#.##.##.# ##. #.##.##.#
# #.. #.##..... #.# #.#
#.#####.# ..#
#.########.#####.# ###
#.#####@...............#
#.....W.....#####.######
...#..#.....# #.####
#..#.##.># #....# #.
#..#..# ##...#
#..##.#..# ##..#
#..§(...## ####
#......g# ###........g


You could see a phantom.

Vanquished Creatures
  An ogre (D:4)
  A hound (D:4)
  Ijyb (D:4)
  4 gnolls (D:4)
  8 adders
  A shadow imp (D:4)
  An ooze (D:3)
  2 worms
  2 dart slugs
  2 leopard geckos
  4 orcs
  A ball python (D:3)
  A giant cockroach (D:4)
  12 goblins
  9 hobgoblins
  7 jackals
  2 kobolds (D:1)
  A quokka (D:3)
  4 bats (D:1)
  8 frilled lizards
  A quokka skeleton (D:4)
  5 rats
78 creatures vanquished.

Notes
Turn   | Place    | Note
-------+----------+-------------------------------------------
     0 | D:1      | Apogee the Spriggan Earth Elementalist began the quest for
                  | the Orb.
     0 | D:1      | Reached XP level 1. HP: 9/9 MP: 5/5
    85 | D:1      | Reached skill level 3 in Spellcasting
   392 | D:1      | Reached XP level 2. HP: 13/13 MP: 5/7
  1132 | D:2      | Reached XP level 3. HP: 16/16 MP: 7/9
  1225 | D:2      | Reached skill level 4 in Spellcasting
  1356 | D:2      | Learned a level 3 spell: Stone Arrow
  2041 | D:2      | Reached XP level 4. HP: 21/21 MP: 9/11
  3228 | D:3      | Found a basalt altar of Yredelemnul.
  3507 | D:3      | Found a burning altar of Makhleb.
  3507 | D:3      | Noticed a green death
  3510 | D:3      | Noticed a neqoxec
  3510 | D:3      | Noticed a hellwing
  3575 | D:3      | Found a glowing golden altar of the Shining One.
  3665 | D:4      | Reached XP level 5. HP: 10/24 MP: 10/13
  3873 | D:4      | Noticed Ijyb
  3875 | D:4      | Paralysed by Ijyb for 2 turns
  3896 | D:4      | Killed Ijyb
  3896 | D:4      | Reached skill level 5 in Spellcasting
  4277 | D:4      | Noticed an ogre
  4281 | D:4      | Killed an ogre
  4281 | D:4      | Reached skill level 1 in Conjurations
  4281 | D:4      | Reached XP level 6. HP: 28/28 MP: 7/15
  4626 | D:4      | Slain by a phantom

Illustrated notes

Levels and vault maps discovered:
D:1:      lightli_arrival_noodles, layout_basic
D:2:      kennysheep_the_goblin_king, layout_basic
D:3:      layout_rooms, grunt_temple_overflow_holy_war,
          makhleb_altar_promises_db
D:4:      layout_loops_cross, trog_hazing_becter, uniq_ijyb

Skill      XL: |  1  2  3  4  5 |
---------------+----------------+-----
Spellcasting   | 3 4 5 |  5.7
Earth Magic    | 3 4 |  4.7
Conjurations   | 1 |  1.5
Dodging        | |  3.0
Stealth        | |  3.0
Transmutations | |  1.3

Action                   |  1- 3 |  4- 6 || total
-------------------------+-------+-------++-------
Melee: Spear             |    60 |    53 ||   113
       Short sword       |       |    61 ||    61
 Cast: Sandblast         |    41 |    43 ||    84
       Stone Arrow       |       |     2 ||     2
  Use: Potion            |       |     2 ||     2
 Stab: Sleeping          |     1 |     6 ||     7
Armor: Robe              |     3 |     5 ||     8
Dodge: Dodged            |    43 |   109 ||   152

Table legend: (Time is in decaauts)
 A = Elapsed time spent in this place.
 B = Non-inter-level travel time spent in this place.
 C = Inter-level travel time spent in this place.
 D = Time resting spent in this place.
 E = Time spent auto-exploring this place.
 F = Levels seen in this place.
 G = Mean time per level.
                   A        B        C        D        E       F      G
               +--------+--------+--------+--------+--------+-----+--------+
         Total |   3835 |   3785 |     50 |    371 |   2897 |   4 |  958.8 |
       Dungeon |   3835 |   3785 |     50 |    371 |   2897 |   4 |  958.8 |
               +--------+--------+--------+--------+--------+-----+--------+

Top non-repeatable levels by time:
     D:2: 1144 daAuts
     D:1: 960 daAuts
     D:4: 890 daAuts
     D:3: 839 daAuts
